 Dungeon Crawl Stone Soup version 0.31.0-32-g396128a36d (webtiles) character file.

Game seed: 15895511040157209906

17966 Yerba the Spear-Bearer (level 12, -1/178 HPs)
             Began as a Troll Berserker on Apr 6, 2024.
             Was a High Priest of Trog.
             Slain by an orc warlord
             ... wielding a +0 glaive of pain
              (19 damage)
             ... on level 1 of the Orcish Mines.
             The game lasted 01:13:51 (8944 turns).

Yerba the Spear-Bearer (Troll Berserker)            Turns: 8944, Time: 01:13:52

Health: -1/178     AC: 18    Str: 33    XL:     12   Next: 23%
Magic:  0/11       EV: 11    Int:  3    God:    Trog [*****.]
Gold:   578        SH:  0    Dex: 11    Spells: 11/11 levels left

rFire   + . .        P - +5 glaive of the World {elec, ^Fragile rElec rN++ Str+3}
rCold   + + .        (shield currently unavailable)
rNeg    + + .        C - +3 swamp dragon scales
rPois   +            (helmet restricted)
rElec   +            d - scarf {repulsion}
rCorr   +            (gloves unavailable)
SInv    .            (boots unavailable)
Will    ++++.        a - amulet of guardian spirit Stlth
                     e - +4 ring of protection
HPRegen 2.29/turn    x - ring of willpower
MPRegen 0.12/turn

%: repel missiles, guardian spirit
@: berserking (expiring), resistant, strong-willed, regenerating, very quick
A: large, unfitting armour, claws 3, regeneration 1, shaggy fur 1, tough skin 1,
cold resistance 1, strong-willed 1
a: Renounce Religion, Berserk, Trog's Hand, Brothers in Arms


You were on level 1 of the Orcish Mines.
You worshipped Trog.
Trog was extremely pleased with you.
You visited 3 branches of the dungeon, and saw 11 of its levels.
You also visited: Bailey.

You collected 842 gold pieces.
You spent 264 gold pieces at shops.

Inventory:

Hand Weapons
 g - a +4 lajatang of venom
 m - a +0 dagger of protection
 E - a +2 whip of electrocution
 I - a +4 morningstar of freezing
 N - a +5 flail of draining
 P - the +5 glaive of the World (weapon) {elec, ^Fragile rElec rN++ Str+3}
   (You bought it in a shop on level 6 of the Dungeon)

   Str+3:     It affects your strength (+3).
   rElec:     It insulates you from electricity.
   rN++:      It greatly protects you from negative energy.
   ^Fragile:  It will be destroyed if unequipped.
 R - a +1 antimagic shortbow
 U - a +0 long sword of flaming
 W - a +0 spectral giant spiked club
Missiles
 b - 88 stones (quivered)
 G - 14 boomerangs
 M - 14 poisoned darts
 Y - 3 throwing nets
Armour
 d - a scarf of repulsion (worn)
 l - a +0 cloak
 u - +0 steam dragon scales
 C - +3 swamp dragon scales (worn)
 F - a +1 robe of willpower
 Z - the +0 robe of Onelent {^Contam rElec Str+3}
   (You found it on level 8 of the Dungeon)

   Str+3:     It affects your strength (+3).
   rElec:     It insulates you from electricity.
   ^Contam:   It causes magical contamination when unequipped.
Jewellery
 a - an amulet of guardian spirit (around neck)
 e - a +4 ring of protection (left claw)
 j - a ring of willpower
 s - a ring of see invisible
 x - a ring of willpower (right claw)
 J - a ring of ice
 Q - a ring of fire
Wands
 k - a wand of acid (5)
 D - a wand of digging (6)
 K - a wand of roots (7)
 O - a wand of flame (28)
Scrolls
 c - 5 scrolls of teleportation
 h - 2 scrolls of identify
 n - 2 scrolls of immolation
 t - 2 scrolls of blinking {unknown}
 v - a scroll of poison
 y - 3 scrolls of amnesia
 A - a scroll of enchant weapon
 B - a scroll of noise {unknown}
 H - a scroll of summoning {unknown}
 T - a scroll of silence {unknown}
 X - 3 scrolls of vulnerability {unknown}
Potions
 f - a potion of magic {unknown}
 i - a potion of enlightenment {unknown}
 o - a potion of attraction
 p - a potion of haste {unknown}
 q - a potion of invisibility {unknown}
 r - a potion of heal wounds
 z - 2 potions of curing
 S - a potion of degeneration {unknown}
 V - a potion of cancellation {unknown}


   Skills:
 * Level 7.9 Fighting
 + Level 2.1(6.6) Axes
 + Level 1.0(5.0) Maces & Flails
 + Level 9.9(10.9) Polearms
 + Level 6.7(9.3) Staves
 + Level 6.5 Armour
 + Level 6.6 Dodging
 + Level 0.7 Stealth
 + Level 3.6 Unarmed Combat


You had 11 spell levels left.
You didn't know any spells.
Your spell library contained the following spells:

 Spells                   Type           Power      Damage    Failure   Level
 Kiss of Death            Conj/Necr      0%         2d5       63%         1
 Jinxbite                 Hex            0%         N/A       77%         2
 Confusing Touch          Hex            0%         N/A       94%         3
 Tukima's Dance           Hex            0%         N/A       94%         3
 Dimensional Bullseye     Hex/Tloc       0%         N/A       100%        4
 Dispel Undead            Necr           0%         3d6       100%        4
 Flame Wave               Conj/Fire      0%         2d4       100%        4
 Ignite Poison            Fire/Alch      0%         N/A       100%        4
 Manifold Assault         Tloc           0%         N/A       100%        4
 Passage of Golubria      Tloc           0%         N/A       100%        4
 Yara's Violent Unravell  Hex/Alch       0%         3d3       100%        5
 Dispersal                Tloc           0%         N/A       100%        6
 Enfeeble                 Hex            0%         N/A       100%        7
 Disjunction              Tloc           0%         N/A       100%        8


Dungeon Overview and Level Annotations

Branches:
Dungeon (9/15)             Temple (1/1) D:7             Orc (1/2) D:9
 Bailey (visited)
   Lair: D:8-11

Altars:
Ashenzari
Cheibriados
Dithmenos
Fedhas
Gozag
Hepliaklqana
Kikubaaqudgha
Makhleb
Nemelex Xobeh
Okawaru
Ru
Sif Muna
Trog
Uskayaw
Vehumet
Wu Jian
Xom
Yredelemnul
Zin
The Shining One

Shops:
D:3 ?   D:6 (!(


Innate Abilities, Weirdness & Mutations

You are too large for most types of armour.
You have claws for hands.
Your natural rate of healing is unusually fast.
You are covered in fur. (AC +1)
You have tough skin. (AC +1)
Your flesh is cold resistant. (rC+)
You are strong-willed. (Will+)


Message History

Aim: an orc warlord, wielding a +0 glaive of pain and wearing a +0 chain mail (heavily wounded, about 28% to evade the +5 glaive of the World)
You reach to attack!
You slice the orc warlord!!
The orc warlord is severely wounded.
The orc priest no longer looks unusually strong.
The orc warlord roars a battlecry!
The orc priest goes into a battle-frenzy!
The orc priest invokes the aid of Beogh against you.
Beogh smites you!
* * * LOW HITPOINT WARNING * * *
Reach: P) +5 glaive of the World {elec, ^Fragile rElec rN++ Str+3}
Press: ? - help, Dir - move target, f/p - orc warlord
Aim: an orc warlord, wielding a +0 glaive of pain and wearing a +0 chain mail (severely wounded, about 28% to evade the +5 glaive of the World)
You reach to attack!
You hit the orc warlord but do no damage.
Lightning courses through the orc warlord!!
The orc warlord is almost dead.
The orc warlord hits you from afar with a +0 glaive of pain!
* * * LOW HITPOINT WARNING * * *
Reach: P) +5 glaive of the World {elec, ^Fragile rElec rN++ Str+3}
Press: ? - help, Dir - move target, f/p - orc warlord
Aim: an orc warlord, wielding a +0 glaive of pain and wearing a +0 chain mail (almost dead, about 28% to evade the +5 glaive of the World)
You reach to attack!
You barely miss the orc warlord.
The orc warlord is almost dead.
The orc no longer looks unusually strong.
Reach: P) +5 glaive of the World {elec, ^Fragile rElec rN++ Str+3}
Press: ? - help, Dir - move target, f/p - orc warlord
Aim: an orc warlord, wielding a +0 glaive of pain and wearing a +0 chain mail (almost dead, about 28% to evade the +5 glaive of the World)
You reach to attack!
You hit the orc warlord but do no damage.
The orc warlord is almost dead.
The orc warlord roars a battlecry!
The orc goes into a battle-frenzy!
Reach: P) +5 glaive of the World {elec, ^Fragile rElec rN++ Str+3}
Press: ? - help, Dir - move target, f/p - orc warlord
Aim: an orc warlord, wielding a +0 glaive of pain and wearing a +0 chain mail (almost dead, about 28% to evade the +5 glaive of the World)
You reach to attack!
You barely miss the orc warlord.
The orc warlord is almost dead.
The orc no longer looks unusually strong.
The orc warlord hits you from afar with a +0 glaive of pain!!
You die...

o...##o....).#
....####.##).##
.....#
####..)##
....## ##.#o#
...## ###o##
#.## ##o# ###
#o## ##.# #@#
###


You could see an orc warlord, an orc priest (strong) and 2 orcs.

Vanquished Creatures
  An orc warlord (Bailey)
  Harold (D:9)
  A two-headed ogre (Orc:1)
  A centaur warrior (D:9)
  An arcanist (D:9)
  Pikel (D:5)
  An orc knight (Bailey)
  A cyclops (D:9)
  An ugly thing (D:9)
  A kobold demonologist (D:9)
  A tengu conjurer (D:9)
  2 trolls (D:9)
  4 wyverns
  A yak (D:9)
  A vampire (D:9)
  2 steam dragons (D:9)
  3 wargs (Orc:1)
  3 water moccasins
  2 sky beasts (D:7)
  16 orc warriors
  2 ice beasts
  3 black bears
  2 ogres
  A centaur (D:7)
  2 kobold brigands (D:9)
  A scorpion (D:7)
  2 bullfrogs
  15 wights
  9 killer bees
  2 howler monkeys
  A bombardier beetle (D:5)
  3 hounds
  A jelly (D:4)
  8 orc priests
  4 iguanas
  12 orc wizards
  10 gnolls
  8 adders
  2 shadow imps
  A white imp (D:6)
  2 ribbon worms
  A dart slug (D:1)
  43 orcs
  3 endoplasms
  A giant cockroach (D:4)
  22 goblins
  16 hobgoblins
  2 jackals (D:2)
  3 quokkas
  6 ball pythons
  5 bats
  3 frilled lizards
  13 kobolds
  4 rats
258 creatures vanquished.

Notes
Turn   | Place    | Note
-------+----------+-------------------------------------------
     0 | D:1      | Yerba the Troll Berserker began the quest for the Orb.
     0 | D:1      | Reached XP level 1. HP: 22/22 MP: 0/0
   328 | D:1      | Reached XP level 2. HP: 26/29 MP: 1/1
  1230 | D:2      | Reached XP level 3. HP: 36/36 MP: 2/2
  1263 | D:2      | Reached ** piety under Trog
  1712 | D:2      | Reached skill level 1 in Staves
  1712 | D:2      | Reached XP level 4. HP: 44/44 MP: 3/3
  1757 | D:2      | Found a blossoming altar of Fedhas.
  2211 | D:3      | Noticed a water moccasin
  2223 | D:3      | Killed a water moccasin
  2224 | D:3      | Reached XP level 5. HP: 35/53 MP: 4/4
  2464 | D:3      | Found Houb's Magic Scroll Shoppe.
  2780 | D:4      | Reached XP level 6. HP: 61/61 MP: 5/5
  3314 | D:5      | Entered Level 5 of the Dungeon
  3345 | D:5      | Reached *** piety under Trog
  3362 | D:5      | Reached skill level 1 in Armour
  3781 | D:5      | Reached XP level 7. HP: 67/67 MP: 6/6
  3856 | D:5      | Noticed Pikel
  3890 | D:5      | Killed Pikel
  3891 | D:5      | Reached skill level 5 in Staves
  3891 | D:5      | Reached XP level 8. HP: 65/78 MP: 2/7
  4080 | D:5      | Found an opulent altar of Gozag.
  4526 | D:6      | Reached skill level 1 in Axes
  4669 | D:6      | Found Fyunk's Weapon Shoppe.
  4671 | D:6      | Found Iqenifukh's Distillery.
  4671 | D:6      | Found Fudas's Antique Weapon Shoppe.
  4698 | D:6      | Bought a brightly glowing glaive for 264 gold pieces
  4698 | D:6      | Identified the +5 glaive of the World {elec, ^Fragile rElec
                  | rN++ Str+3} (You bought it in a shop on level 6 of the
                  | Dungeon)
  4940 | D:6      | Reached skill level 1 in Polearms
  5099 | D:7      | Reached XP level 9. HP: 85/85 MP: 5/8
  5107 | D:7      | Reached skill level 1 in Maces & Flails
  5120 | D:7      | Reached skill level 2 in Polearms
  5448 | D:7      | Found a staircase to the Ecumenical Temple.
  5476 | Temple   | Entered the Ecumenical Temple
  5571 | D:7      | Reached skill level 3 in Polearms
  6062 | D:8      | Found a broken altar of Ashenzari.
  6121 | D:8      | Identified the +0 robe of Onelent {^Contam rElec Str+3}
  6162 | D:8      | Reached skill level 5 in Dodging
  6187 | D:8      | Reached skill level 4 in Polearms
  6260 | D:8      | Reached skill level 5 in Fighting
  6269 | D:8      | Identified a scroll of acquirement
  6317 | D:8      | Found a flagged portal.
  6322 | D:8      | Reached **** piety under Trog
  6336 | Bailey   | Entered a bailey
  6428 | Bailey   | Reached skill level 5 in Polearms
  6519 | Bailey   | Noticed an orc knight
  6532 | Bailey   | Killed an orc knight
  6533 | Bailey   | Reached XP level 10. HP: 85/96 MP: 6/9
  6549 | Bailey   | Reached skill level 6 in Polearms
  6589 | Bailey   | Gained mutation: You are dopey. (Int -2) [potion of
                  | mutation]
  6589 | Bailey   | Gained mutation: Your flesh is heat resistant. (rF+)
                  | [potion of mutation]
  6590 | Bailey   | Lost mutation: Your flesh is heat resistant. (rF+) [potion
                  | of mutation]
  6590 | Bailey   | Lost mutation: You are dopey. (Int -2) [potion of mutation]
  6590 | Bailey   | Gained mutation: You are somewhat resistant to further
                  | mutation. [potion of mutation]
  6591 | Bailey   | Lost mutation: You are somewhat resistant to further
                  | mutation. [potion of mutation]
  6591 | Bailey   | Gained mutation: You are strong-willed. (Will+) [potion of
                  | mutation]
  6591 | Bailey   | Gained mutation: Your flesh is cold resistant. (rC+)
                  | [potion of mutation]
  6624 | Bailey   | Acquired a scarf of repulsion
  6643 | Bailey   | Noticed an orc warlord
  6662 | Bailey   | Killed an orc warlord
  6664 | Bailey   | HP: 1/144 [orc warrior/+0 war axe (24)]
  6870 | Bailey   | Identified the +1 plate armour "Paguf" {Rampage rElec rC-
                  | Will++}
  6873 | Bailey   | Reached skill level 8 in Polearms
  6873 | Bailey   | Reached skill level 5 in Armour
  6873 | Bailey   | Reached XP level 11. HP: 107/107 MP: 10/10
  7410 | D:8      | Found an ornate altar of the Wu Jian Council.
  7591 | D:8      | Found a shimmering altar of Xom.
  7708 | D:9      | Noticed Harold
  7745 | D:9      | Killed Harold
  7951 | D:9      | Noticed a centaur warrior
  7959 | D:9      | Killed a centaur warrior
  7962 | D:9      | Noticed an arcanist
  7970 | D:9      | Reached skill level 9 in Polearms
  7970 | D:9      | Noticed a soul eater
  7971 | D:9      | Noticed a brown ugly thing
  7979 | D:9      | Killed an arcanist
  7986 | D:9      | Killed a brown ugly thing
  8058 | D:9      | Reached XP level 12. HP: 95/118 MP: 8/11
  8080 | D:9      | Identified the +6 chain mail of Dalonall {Int+2}
  8102 | D:9      | Got the Meditations on Flaming Space
  8165 | D:9      | Reached ***** piety under Trog
  8248 | D:9      | Found a staircase to the Orcish Mines.
  8391 | D:9      | Found a sparkling altar of Nemelex Xobeh.
  8840 | Orc:1    | Entered Level 1 of the Orcish Mines
  8840 | Orc:1    | Noticed a two-headed ogre
  8848 | Orc:1    | Killed a two-headed ogre
  8873 | Orc:1    | Noticed an orc warlord
  8944 | Orc:1    | Slain by an orc warlord

Illustrated notes

Levels and vault maps discovered:
D:1:      amcnicky_arrival_double_pillar, layout_basic
D:2:      layout_loops_ring, serial_glass, glass_columns_a, glass_columns_c,
          basic_altar, kennysheep_generic_room_14
D:3:      layout_basic, serial_shops, nicolae_shop_rolled_up, minivault_4
D:4:      layout_loops_cross, st_stairs_13, minmay_ruptured
D:5:      layout_rooms, grunt_gozag_statues, uniq_pikel
D:6:      layout_basic, grunt_ministairs_15, nicolae_wooded_promenade,
          kennysheep_potato
D:7:      layout_loops_ring, minmay_temple_entry_overgrown
D:8:      layout_loops_corners, mainiacjoe_overflow_six_doors_small,
          general_overflow_altar, kennysheep_mini_moat, enter_bailey_4
D:9:      minmay_the_grid_octo_triangle [minmay_the_grid_octo_tetromino_candy,
          minmay_the_grid_octo_prize_star, minmay_the_grid_octo_toaster],
          layout_long_grid, old_standard_altar, orc_0_dummy, uniq_harold
Temple:   regret_index_temple_generic_petals
Orc:1:    layout_caves

Skill      XL: |  1  2  3  4  5  6  7  8  9 10 11 |
---------------+----------------------------------+-----
Dodging        | 3 4 5 6 |  6.6
Staves         | 1 2 3 5 6 |  6.7
Fighting       | 3 4 5 6 7 |  7.9
Armour         | 1 2 3 4 5 6 |  6.5
Axes           | 2 |  2.1
Polearms       | 1 5 8 9 |  9.9
Maces & Flails | 1 |  1.0
Stealth        | |  0.7
Unarmed Combat | |  3.6

Action                     |  1- 3 |  4- 6 |  7- 9 | 10-12 || total
---------------------------+-------+-------+-------+-------++-------
  Melee: Unarmed           |    32 |       |       |       ||    32
         Punch             |     1 |       |       |       ||     1
         Lajatang          |    89 |   151 |    72 |       ||   312
         Glaive            |       |       |   196 |   303 ||   499
         Battleaxe         |       |       |    28 |       ||    28
         Morningstar       |       |       |     6 |       ||     6
 Invoke: Trog's Hand       |       |     1 |     2 |     4 ||     7
         Berserk           |       |     1 |     2 |     4 ||     7
         Brothers in Arms  |       |       |       |     1 ||     1
  Evoke: Wand              |       |       |       |     2 ||     2
    Use: Scroll            |       |       |     4 |    14 ||    18
         Potion            |       |       |       |    10 ||    10
   Stab: Sleeping          |       |     1 |       |       ||     1
 Armour: Animal skin       |    99 |    71 |       |       ||   170
         Swamp dragon scal |       |    79 |   312 |   256 ||   647
  Dodge: Dodged            |    75 |    84 |   180 |   162 ||   501
         Repelled          |       |       |       |     3 ||     3
